 Dungeon Crawl Stone Soup version 0.30.0-5-g1a98f26d00 (webtiles) character file.

Game seed: 12855971926581008130

1 geeko55 the Charlatan (level 1, -7/11 HPs)
             Began as a Deep Elf Artificer on May 11, 2023.
             Killed themself with a badly aimed iceblast (12 damage)
             ... on level 1 of the Dungeon.
             The game lasted 00:00:39 (270 turns).

geeko55 the Charlatan (Deep Elf Artificer)           Turns: 270, Time: 00:00:41

Health: -7/11      AC:  6    Str:  9    XL:     1   Next: 16%
Magic:  3/3        EV: 12    Int: 15    God:
Gold:   14         SH:  0    Dex: 15    Spells: 0/0 levels left

rFire   . . .        a - +0 club
rCold   . . .        (no shield)
rNeg    . . .        b - +0 leather armour
rPois   .            i - +2 helmet
rElec   .            (no cloak)
rCorr   .            (no gloves)
SInv    .            (no boots)
Will    .....        (no amulet)
Stlth   ++           (no ring)
HPRegen 0.21/turn    (no ring)
MPRegen 0.08/turn

%: no passive effects
@: no status effects
A: no striking features
a: no special abilities


You were on level 1 of the Dungeon.
You visited 1 branch of the dungeon, and saw 1 of its levels.

You collected 14 gold pieces.

Inventory:

Hand Weapons
 a - a +0 club (weapon)
Armour
 b - a +0 leather armour (worn)
 i - a +2 helmet (worn)
Wands
 c - a wand of flame (15) (quivered)
 d - a wand of charming (15)
 e - a wand of iceblast (5)
Scrolls
 f - a scroll of noise {unknown}
 g - a scroll of fear {unknown}
 h - a scroll of enchant weapon {unknown}
 j - a scroll of fog {unknown}


   Skills:
 + Level 0.7 Fighting
 - Level 0.7 Armour
 - Level 2.4 Dodging
 - Level 1.2 Stealth
 + Level 0.1 Spellcasting
 * Level 3.3 Evocations


You couldn't memorise any spells.
You didn't know any spells.
Your spell library was empty.

Dungeon Overview and Level Annotations

Branches:
Dungeon (1/15)

Altars:


Message History

You hit the jackal but do no damage.
The jackal bites you but does no damage.
The jackal barely misses you.
You barely miss the jackal. The jackal barely misses you. x2
The frilled lizard misses you. The jackal bites you.
You hit the jackal but do no damage. The jackal barely misses you.
The frilled lizard barely misses you. The jackal bites you.
You hit the jackal but do no damage. The jackal completely misses you.
The jackal bites you but does no damage.
The frilled lizard misses you.
The jackal bites you but does no damage.
The jackal bites you. The frilled lizard closely misses you.
The frilled lizard bites you but does no damage.
You hit the frilled lizard but do no damage.
The jackal closely misses you. The jackal misses you.
The jackal bites you but does no damage.
The frilled lizard bites you but does no damage. x2
The jackal barely misses you.
You miss the frilled lizard. The jackal bites you.
The jackal bites you but does no damage.
The frilled lizard barely misses you. The frilled lizard misses you.
The jackal closely misses you.
You are too injured to fight recklessly!
You are too injured to fight recklessly!
You are too injured to fight recklessly!
You are too injured to fight recklessly!
You are too injured to fight recklessly!
Aiming: Iceblast
Press: ? - help, Shift-Dir - straight line That beam is likely to hit you.
Continue anyway?
Uppercase [Y]es or [N]o only, please.
That beam is likely to hit you.
Continue anyway?
The mass of ice explodes!
The iceblast engulfs the frilled lizard!!
You kill the frilled lizard!
The iceblast engulfs the jackal!!
You kill the jackal!
The iceblast engulfs you!
Ouch! That really hurt!
You die...

.......###.#####.......##
###.........#.......####
..####......#....####
..'.############## ..#.#
).#.## #########+#####
..#..# #.............###
####.###.......l†h.....#
###..##..[.....@.h....#
#....#.####...###h....#
##.##...##...### ....#
...##.#....### ...#
.#....#>.### ..#
.....##.## .# ...#.##.# #
.###.##.# .#.#.##.#


You could see 3 jackals and a frilled lizard.

Vanquished Creatures
  A jackal (D:1)
  A bat (D:1)
  A frilled lizard (D:1)
  A kobold (D:1)
4 creatures vanquished.

Notes
Turn   | Place    | Note
-------+----------+-------------------------------------------
     0 | D:1      | geeko55 the Deep Elf Artificer began the quest for the Orb.
     0 | D:1      | Reached XP level 1. HP: 11/11 MP: 3/3
   270 | D:1      | Killed themself with a badly aimed iceblast

Illustrated notes

Levels and vault maps discovered:
D:1:      dpeg_arrival_circle_labyrinth_c, layout_basic

Action                     || total
---------------------------++-------
  Melee: Club              ||    19
 Armour: Leather armour    ||    17
  Dodge: Dodged            ||    24
